Cogmind - Beta 14 --- EXPLORER MODE // 2025.01.02 @ 02:10:55 Player: Hazel Olivia Result: Self-destructed Performance ------------- Evolutions (1) 500 Regions Visited (2) 400 Robots Destroyed (12) 60 Value Destroyed (228) 228 Prototype IDs (0) 0 Alien Tech Used (0) 0 Bonus (0) 0 TOTAL SCORE: 1188 Bonus ------- None Cogmind --------- Core Integrity 394/400 Matter 250/300 Energy 125/125 System Corruption 0% Temperature Cool (9) Movement Flying (111) Ox1 Location -9/Materials Parts ------- > --- POWER (1) -------- Light Ion Engine > --- PROPULSION (4) --- Flight Unit Flight Unit Flight Unit Flight Unit > --- UTILITY (3) ------ Medium Storage Unit Sensor Array Transport Network Coupler > --- WEAPON (2) ------- Assault Rifle Assault Rifle > --- INVENTORY (10) --- Wheel Compact Wheel Compact Wheel Heat Sink Improved Heat Sink Targeting Computer Core Shielding Medium Laser Peak State ------------ > --- POWER ------------ Light Ion Engine > --- PROPULSION ------- Flight Unit Flight Unit Flight Unit Flight Unit > --- UTILITY ---------- Medium Storage Unit Sensor Array Transport Network Coupler > --- WEAPON ----------- Assault Rifle Assault Rifle > --- INVENTORY -------- Wheel Compact Wheel Compact Wheel Heat Sink Improved Heat Sink Targeting Computer Core Shielding Medium Laser [Rating: 11] Favorites ----------- Power Light Ion Engine Engine Light Ion Engine Propulsion Light Treads Treads Light Treads Wheel Compact Wheel Flight Unit Flight Unit Utility Medium Storage Unit Device Sensor Array Storage Medium Storage Unit Processor Transport Network Coupler Weapon Assault Rifle Ballistic Gun Assault Rifle Build | -11 -10 -9 ------- Run | Yrd Mat Mat Slots Evolved 3 | . 1 2 Power . | . . . Propulsion 2 | . 1 1 Utility 1 | . . 1 Weapon . | . . . Parts Attached 16 | 5 6 5 Power 1 | 1 . . Engine 1 | 1 . . Core . | . . . Reactor . | . . . Propulsion 10 | 2 4 4 Treads 3 | 2 1 . Leg . | . . . Wheel 3 | . 3 . Hover . | . . . Flight 4 | . . 4 Utility 3 | 2 . 1 Device 1 | 1 . . Storage 1 | 1 . . Processor 1 | . . 1 Hackware . | . . . Protection . | . . . Artifact . | . . . Weapon 2 | . 2 . Energy Gun . | . . . Energy Cannon . | . . . Ballistic Gun 2 | . 2 . Ballistic Cannon . | . . . Launcher . | . . . Special Weapon . | . . . Impact Weapon . | . . . Slashing Weapon . | . . . Piercing Weapon . | . . . Special Melee Weapon . | . . . Unidentified Prototypes . | . . . Parts Lost . | . . . Power . | . . . Propulsion . | . . . Utility . | . . . Weapon . | . . . Highest Loss Streak . | . . . To Critical Strikes . | . . . Average Slot Usage (%) 84 | . 82 98 Engine 11 | . 12 10 Treads 17 | . 20 . Wheel 10 | . 12 . Flight 5 | . . 40 Device 11 | . 12 10 Storage 11 | . 12 10 Processor 1 | . . 8 Ballistic Gun 13 | . 12 20 Peak Build Rating 11 | 5 9 11 Average Rating 6 | 2 6 10 On Entrance 4 | . 5 9 Naked Turns . | . . . Heaviest Build 18 | 14 18 18 Greatest Support 60 | 40 60 16 Greatest Overweight (x) 3 | 3 1 1 Average Overweight (x) . | . . 1 Largest Inventory Capacity 10 | 10 10 10 Average Capacity 9 | 9 10 10 Most Carried 10 | 10 10 9 Average Carried 7 | 6 7 8 Final Capacity 10 | 10 10 10 Final Carried 10 | 7 10 8 Class Distribution -------------------- 100% | Hacker-Mutant Dominant Class ---------------- Hacker-Mutant | -10/Materials Hacker-Mutant | -9/Materials Resources | -11 -10 -9 ----------- Run | Yrd Mat Mat Matter Collected 478 | 165 313 . Remotely . | . . . Salvage Created 391 | . 391 . Parts 32 | . 32 . Haulers Intercepted 1 | . 1 . Recyclers Shooed 2 | . 2 . Parts Field Recycled . | . . . Retrieved Matter . | . . . Parts Self-Destructed . | . . . Prevented . | . . . Kills | -11 -10 -9 ------- Run | Yrd Mat Mat Combat Hostiles Destroyed 8 | . 8 . Guns 8 | . 8 . Classes Destroyed 6 | . 6 . Builder 1 | . 1 . Hauler 1 | . 1 . Recycler 1 | . 1 . Watcher 1 | . 1 . Swarmer 4 | . 4 . Grunt 4 | . 4 . Best Kill Streak 3 | . 3 . Combat Bots Only 2 | . 2 . Max Kills in Single Turn 2 | . 2 . Gunslinging 1 | . 1 . Exploded . | . . . Melee . | . . . Uniques/NPCs Destroyed . | . . . Combat | -11 -10 -9 -------- Run | Yrd Mat Mat Hostile Shots Fired 45 | . 33 12 Missed 12 | . 8 4 Damage Taken 237 | . 170 67 Core 29 | . 23 6 Absorbed by Shields . | . . . Ignored by Resistances 158 | . 116 42 Core Remaining (%) 95 | 100 90 . Volleys Fired 28 | . 28 . Largest 2 | . 2 . Hottest 40 | . 40 . Shots Fired 56 | . 56 . Gun 56 | . 56 . Cannon . | . . . Launcher . | . . . Special . | . . . Kinetic 56 | . 56 . Thermal . | . . . Explosive . | . . . Electromagnetic . | . . . Robot Hit Streak 11 | . 11 . Robot Miss Streak 2 | . 2 . Penetration Max . | . . . Secondary Targets 1 | . 1 . Max Gunslinging Chain 1 | . 1 . Shots Hit Robots 43 | . 43 . Core Hits 20 | . 20 . Critical Kills . | . . . Critical Parts Destroyed . | . . . Critical Strikes . | . . . Melee Attacks . | . . . Impact . | . . . Slashing . | . . . Piercing . | . . . Sneak Attacks . | . . . Combat Hostiles . | . . . Follow-up Attacks . | . . . Damage Inflicted 546 | . 546 . Guns 546 | . 546 . Cannons . | . . . Explosions . | . . . Melee . | . . . Ramming . | . . . Kinetic 546 | . 546 . Thermal . | . . . Explosive . | . . . Electromagnetic . | . . . Impact . | . . . Slashing . | . . . Piercing . | . . . Highest Corruption . | . . . Average Corruption . | . . . Corruption Purged . | . . . Corruption Blocked . | . . . Overload Shots . | . . . Overflow Damage . | . . . Projectiles . | . . . Explosions . | . . . Melee . | . . . Knockbacks . | . . . Impact . | . . . Kinetic . | . . . Secondary . | . . . Self-Inflicted Damage . | . . . Shots . | . . . Rammed . | . . . Targets Rammed . | . . . Kicked . | . . . Crushed . | . . . Highest Temperature 8 | . 8 . Average Temperature 3 | . 3 . Received Heat Transfer 141 | . 114 27 Siege Activations . | . . . Robots Corrupted . | . . . Combat Hostiles . | . . . Parts Fried . | . . . Impact Corruptions . | . . . Robots Melted . | . . . Combat Hostiles . | . . . Parts Melted . | . . . Heat Transferred . | . . . Parts Sabotaged . | . . . Parts Stolen . | . . . Parts Stripped . | . . . Power Chain Reactions . | . . . Alert | -11 -10 -9 ------- Run | Yrd Mat Mat Peak Influence 184 | . 184 98 Initial 23 | . . 23 Average 29 | . 32 52 Maximum Alert Level . | . . . Low Security (%) 100 | 100 100 100 Level 1 . | . . . Level 2 . | . . . Level 3 . | . . . Level 4 . | . . . Level 5 . | . . . High Security . | . . . Max Security . | . . . Squads Dispatched . | . . . Investigation . | . . . Extermination . | . . . Reinforcement . | . . . Assault . | . . . Garrison . | . . . Intercept . | . . . Searches Triggered . | . . . Construction Impeded . | . . . Haulers Reinforced . | . . . Active Scanning Responses . | . . . Cargo Convoy Interrupts . | . . . Stealth | -11 -10 -9 --------- Run | Yrd Mat Mat Distress Signals 2 | . 1 1 Communications Jammed . | . . . Distress Signals . | . . . Times Spotted 16 | . 11 5 Peak Tracking Total 5 | . 3 5 Tactical Retreats 1 | . . 1 Traps | -11 -10 -9 ------- Run | Yrd Mat Mat Traps Triggered 2 | . 2 . Indirectly . | . . . Trap Hack Attempts . | . . . Triggered . | . . . Disarmed . | . . . Reprogrammed . | . . . Reused . | . . . Traps Extracted . | . . . Installed . | . . . Triggered . | . . . Machines | -11 -10 -9 ---------- Run | Yrd Mat Mat Machines Disabled 1 | . 1 . Max in Single Turn 1 | . 1 . Machines Repaired . | . . . Machines Dismantled . | . . . Machines Sabotaged . | . . . Overloaded Fab Kills . | . . . Hacking | -11 -10 -9 --------- Run | Yrd Mat Mat Machines Accessed . | . . . Terminals . | . . . Fabricators . | . . . Repair Stations . | . . . Recycling Units . | . . . Scanalyzers . | . . . Garrison Access . | . . . Total Hacks . | . . . Successful . | . . . Failed . | . . . Catastrophic . | . . . Database Lockouts . | . . . Manual . | . . . Terminals . | . . . Fabricators . | . . . Repair Stations . | . . . Recycling Units . | . . . Scanalyzers . | . . . Garrison Access . | . . . Terminal Hacks . | . . . Fabricator Hacks . | . . . Repair Station Hacks . | . . . Recycling Unit Hacks . | . . . Scanalyzer . | . . . Garrison Access Hacks . | . . . Unauthorized Hacks . | . . . Terminals . | . . . Fabricators . | . . . Repair Stations . | . . . Recycling Units . | . . . Scanalyzers . | . . . Garrison Access . | . . . Data Cores Recovered . | . . . Used . | . . . Hacking Detections . | . . . Full Trace Events . | . . . Feedback Events . | . . . Feedback Blocked . | . . . Robot Schematics Acquired . | . . . Robots Built . | . . . Authchips . | . . . Time . | . . . Total Robot Build Rating . | . . . Part Schematics Acquired . | . . . Parts Built . | . . . Authchips . | . . . Time . | . . . Total Part Build Rating . | . . . Parts Repaired . | . . . Time . | . . . Parts Recycled . | . . . Recycled Matter . | . . . Retrieved Matter . | . . . Retrieved Components . | . . . Parts Scanalyzed . | . . . Part Schematics Acquired . | . . . Parts Damaged . | . . . Bothacking | -11 -10 -9 ------------ Run | Yrd Mat Mat Used RIF Installer . | . . . Robots Hacked . | . . . Non-combat . | . . . Combat . | . . . Robot Hacks Applied . | . . . Relay Couplers Released . | . . . Fabnet Peak Effective % . | . . . Robots Rewired . | . . . Allies Hacked . | . . . Hacks Repelled . | . . . Allies | -11 -10 -9 -------- Run | Yrd Mat Mat Total Allies . | . . . Largest Group . | . . . Highest-Rated Group . | . . . Highest-Rated Ally . | . . . Total Orders . | . . . Ally Attacks . | . . . Total Damage . | . . . Kills . | . . . Allies Corrupted . | . . . Allies Melted . | . . . Intel | -11 -10 -9 ------- Run | Yrd Mat Mat Robot Analysis Total . | . . . Derelict Logs Recovered . | . . . Drone Launches . | . . . Drone Recoveries . | . . . Exploration | -11 -10 -9 ------------- Run | Yrd Mat Mat Turns Passed 719 | 115 527 77 Spaces Moved 453 | 67 330 56 Core 33 | 33 . . Treads 182 | 34 148 . Legs . | . . . Wheels 182 | . 182 . Hover . | . . . Flight 56 | . . 56 Fastest Speed 50 | 50 90 111 Average Speed 128 | 148 127 111 Slowest Speed 200 | 200 160 111 Overloaded Moves . | . . . Propulsion Burnouts . | . . . Robots Hopped . | . . . Cave-ins Triggered . | . . . Exploration Rate (%) 23 | 5 53 11 Regions Visited 2 Branch Regions . Pre-discovered Areas . | . . . Known Exits Taken 2 | 1 1 . Unknown Exits Taken . | . . . Scrap Searched . | . . . Spaces Dug . | . . . Terrain Destroyed . | . . . Melee . | . . . Projectile . | . . . AOE . | . . . Terrain Rammed . | . . . Walls Destroyed . | . . . Machines Disabled . | . . . Actions | -11 -10 -9 --------- Run | Yrd Mat Mat Total 531 | 82 380 69 Wait 10 | . 2 8 Move 451 | 66 329 56 Hop . | . . . Pick Up 20 | 11 9 . Fast Attach 5 | 1 4 . Attach 8 | 4 2 2 Detach . | . . . Swap 3 | . . 3 Drop 6 | . 6 . Fire 28 | . 28 . Melee . | . . . Ram . | . . . Kick . | . . . Crush . | . . . Escape Stasis . | . . . Rewire . | . . . Trap . | . . . Miscellaneous . | . . . Route ------- -11/Scrapyard -10/Materials (discovered 2 exits: *Mat x2) -9/Materials (discovered 2 exits: *Sto x2) History --------- Turn | Location | Event 31 | -11/Scrapyard | Identified exit to Materials 31 | -11/Scrapyard | Discovered exit to Materials (range 16) 116 | -11/Scrapyard | Entered Materials 116 | -10/Materials | Evolved 1 slot: Propulsion x1 317 | -10/Materials | Build established: Hacker-Mutant 492 | -10/Materials | Identified exit to Materials 492 | -10/Materials | Discovered exit to Materials (range 16) 613 | -10/Materials | Discovered exit to Materials (range 10) 643 | -10/Materials | Entered another Materials area 643 | -9/Materials | Evolved 2 slots: Propulsion x1, Utility x1 676 | -9/Materials | Identified exit to Storage 676 | -9/Materials | Discovered exit to Storage (range 14) 713 | -9/Materials | Discovered exit to Storage (range 7) 720 | -9/Materials | Self-destructed Last Messages --------------- 00593_ Acquired Transport Network Coupler. 00594_ Acquired 24 matter. 00598_ K-01 Serf collects debris. 00613_ EXIT=FOUND: MATERIALS 00620_ S-10 Pest destroyed. 00637_ Dropped Ion Engine. 00637_ Acquired Flight Unit. 00639_ Dropped Lgt. Armor Plating. 00640_ Acquired Flight Unit. 00642_ Acquired 24 matter. PARAMETERS=PROPULSION+1,UTILITY+1 LOCATION=MATERIALS GOAL=ESCAPE 00658_ W-16 Scout distress signal alerts nearby ally. 00676_ EXIT=FOUND: STORAGE 00689_ K-01 Serf collects debris. 00713_ EXIT=FOUND: STORAGE 00717_ T-07 Excavator is excavating. 00718_ K-01 Serf collects debris. Map ----- +----------------------------------------------------+ | ?????????????????????????????????????????????????? | | ?????????????????????????????????????????????????? | | ?????????????????????????????????????????????????? | | ?????????????????????????????????????????????????? | | ?????????????????????????????????????????????????? | | ?????????????????????????????????????????????????? | | ?????????????????????????????????????????????????? | | ?????????????????????????????????????????????????? | | ?????????????????????????????????????????????????? | | ?????????????????????????????????????????????????? | | ????+????????????????????????????????????????????? | | ???? ????? ??????????????? ??????????????????????? | | ???? ????? #?????????????? ??????????????????????? | | ???# ????? #?????????????????????????????????????? | | ???# #??? #?????????????? #?????????????????????? | | ???# #??? +?????????????# +?????????????????????? | | ???# #??? #?????????????# #?????????????????????? | | ???# #??# ##????????????# #?????????????????????? | | +### ### #????????????# #?????????????????????? | | ?????????????# #?????????????????????? | | T??????????????? #?????????????????????? | | ???????????????# #?????????????????????? | | ################## ##????????????????????? | | k #????????????????????? | | #????????????????????? | | @ u#????????????????????? | | ##################### #????????????????????? | | ###########?????????# #????????????????????? | | ## #?????????# #????????????????a???? | | # ##= """ #?????????# #????????????????????? | | # ## % """ #????????# ????????????????????? | | # + """ #????????# ???????????????????? | | # ## #????????# sYs ??????????????????? | | + ## """ #????????# ??????????a??????? | | # ## """ #????????# ####????????????????? | | # ## """ #????????###+###???????????????????? | | # ## #?????????? ??????????????????????? | | ###+######?????????? ??????????????????????? | | #####???????? ??????????????????????? | | ????? ??????????????????????? | | ########????? ??????????????????????? | | #### #??????????? ??????????????????????? | | # ##??? #??????????? ??????????????????????? | | # #???? #???????????? ???????????????????????? | | # #???? +????????????????????????????????????? | | # #???? #????????????????????????????????????? | | # #???? #????????????????????????????????????? | | # #???? #????????????????????????????????????? | | # #???? ????????????????????????????????????? | | #????? ????????????????????????????????????? | +----------------------------------------------------+ Best States ------------- Heat Dissipation 28 Energy Generation 10 Energy Capacity 125 Matter Stores 300 Matter Capacity 300 Sight Range 16 Robot Scan Range 14 Terrain Scan Density 10 Resistance: KI 35 Resistance: TH 35 Resistance: EX 35 Resistance: EM 35 Resistance: I 35 Resistance: S 35 Resistance: P 35 Evasion (%) 50 Recoil Reduction 3 Offensive Hacking 20 Item Schematics ----------------- None Robot Schematics ------------------ None Fabricated ------------ Nothing Alien Tech Used ----------------- None Achievements -------------- None Challenges ------------ None Game ------ Seed AlertCannonSpoofer Manual? 0 Play Time 00:32:16 Cumulative 13.6 hours Start 2025.01.02 @ 01:37:56 End 2025.01.02 @ 02:10:55 Sessions 1 Manual Loads 0 Difficulty Explorer Special Mode None Game No. 12 Rogue 4 Adventurer 6 Explorer 2 Win Type - Total 0 Types 0/0/0/0/0/0/0/0/0 Lore% 4 Gallery% 12 Achievement% 12 Wizard Run 0 Options --------- Layout 1 ASCII 0 Keyboard 0 Movement Mouse Keybinds 0 Fullscreen 1 Font 24/Smallcaps Map View 50x35 Zoom Use 25% Tactical HUD 1 Map Filters NONE Filters NONE Steam 1 RUN: 5a57dda5-47c3-4d38-bde1-9b6138be6c29